 Dungeon Crawl Stone Soup version 0.30-a0-757-ga6a79fd877 (webtiles) character file.

Game seed: 4033323979419731318

80 theblackgale the Firebug (level 4, -4/30 HPs)
             Began as a Demonspawn Fire Elementalist on Feb 9, 2023.
             Slain by Sigmund
             ... wielding a +0 scythe
              (7 damage)
             ... on level 3 of the Dungeon.
             The game lasted 00:18:41 (1765 turns).

theblackgale the Firebug (DsFE)                     Turns: 1765, Time: 00:18:42

Health: -4/30      AC:  8    Str:  5 (8)  XL:     4   Next: 18%
Magic:  0/8        EV: 12    Int: 16 (18) God:
Gold:   144        SH:  0    Dex: 12 (14) Spells: 7/8 levels left

rFire   + . .      SeeInvis .    (no weapon)
rCold   . . .      Faith    .    (no shield)
rNeg    . . .      Spirit   .    h - +2 robe {rF+}
rPois   .          Reflect  .    c - +0 helmet
rElec   .          Harm     .    (no cloak)
rCorr   .          Rampage  .    b - +0 pair of gloves
Will    .....                    e - +0 pair of boots
Stlth   ++                       (no amulet)
HPRegen 0.25/turn                (no ring)
MPRegen 0.11/turn                (no ring)

@: no status effects
A: rugged brown scales 1, powered by pain 1, mutation resistance 1
a: no special abilities


You were on level 3 of the Dungeon.
You visited 1 branch of the dungeon, and saw 3 of its levels.

You collected 144 gold pieces.

Inventory:

Armour
 b - a +0 pair of gloves (worn)
 c - a +0 helmet (worn)
 e - a +0 pair of boots (worn)
 h - a +2 robe of fire resistance (worn)
Wands
 d - a wand of mindburst (15)
 g - a wand of paralysis (8)
Scrolls
 i - 3 scrolls of fog
 k - a scroll of teleportation


   Skills:
 + Level 2.1 Dodging
 + Level 2.1 Stealth
 + Level 0.9 Unarmed Combat
 + Level 2.6 Spellcasting
 + Level 1.6 Conjurations
 + Level 3.3 Fire Magic


You had 7 spell levels left.
You knew the following spells:

 Your Spells              Type           Power      Damage    Failure   Level
a - Foxfire               Conj/Fire      40%        2x1d6     7%          1

Your spell library contained the following spells:

 Spells                   Type           Power      Damage    Failure   Level
 Scorch                   Fire           24%        2d6       8%          2
 Summon Small Mammal      Summ           8%         N/A       21%         1
 Inner Flame              Hex/Fire       7%         N/A       28%         3
 Cigotuvi's Dreadful Rot  Necr/Pois/Air  4%         N/A       30%         2
 Poisonous Vapours        Pois/Air       4%         N/A       30%         2
 Kindle Blastsparks       Fire/Tloc/Air  10%        2d10      36%         3
 Mephitic Cloud           Conj/Pois/Air  3%         N/A       43%         3
 Call Canine Familiar     Summ           2%         N/A       52%         3
 Summon Guardian Golem    Hex/Summ       2%         N/A       52%         3
 Flame Wave               Conj/Fire      10%        2d6       56%         4


Dungeon Overview and Level Annotations

Branches:
Dungeon (3/15)

Altars:
Uskayaw

Annotations:
D:3 Sigmund


Innate Abilities, Weirdness & Mutations

You are partially covered in rugged brown scales. (AC +1, +3% HP)
You sometimes gain a little power by taking damage.
You are somewhat resistant to further mutation.


Message History

The foxfire hits the gnoll.
The gnoll is almost dead.
The foxfire hits the gnoll.
You kill the gnoll!
Something barely misses you.
You start resting.
Something hits you but does no damage.
You start resting.
A magic dart appears from out of thin air!
The magic dart hits you.
There is a strange disturbance nearby!
Casting: Foxfire (safe; 7% risk of failure)
Confirm with . or Enter, or press ? or * to list all spells.
You conjure some foxfire!
Something hits you.
The foxfire hits something but does no damage.
The foxfire hits something.
Something hits you.
Casting: Foxfire (safe; 7% risk of failure)
Confirm with . or Enter, or press ? or * to list all spells.
You don't have enough magic to cast this spell.
Something hits you.
* * * LOW HITPOINT WARNING * * *
You miss something. You barely miss something.
You hear some strange, mumbled words.
Something tries to affect you, but you resist.
You closely miss something.
You hear some strange, mumbled words.
A puff of flame appears from out of thin air!
The puff of flame hits you. You resist.
* * * LOW HITPOINT WARNING * * *
You hit something but do no damage. Something hits you.
* * * LOW HITPOINT WARNING * * *
Something hits you but does no damage.
Casting: Foxfire (safe; 7% risk of failure)
Confirm with . or Enter, or press ? or * to list all spells.
You conjure some foxfire!
Sigmund appears from thin air!
Reactivating autopickup.
Sigmund hits you from afar with a +0 scythe!
You die...

#. #. #. ##### #.
##...## #. ##.....## #.
######.......# ##.
#............# ###..
#.....@v.....######...#
#......v............###
#....@.......########
#....).......#
#............#
#......†.....#######
#.<................#
########...##......####
##...#......#...


You could see Sigmund (ally target).

Vanquished Creatures
  Jessica (D:3)
  A gnoll (D:3)
  A worm (D:2)
  A dart slug (D:1)
  3 ball pythons
  6 endoplasms
  3 giant cockroaches
  4 goblins
  A hobgoblin (D:1)
  4 bats (D:1)
  A frilled lizard (D:2)
  7 kobolds
  5 rats
38 creatures vanquished.

Vanquished Creatures (collateral kills)
  3 foxfires (D:1)
3 creatures vanquished.

Vanquished Creatures (others)
  134 foxfires
134 creatures vanquished.

Grand Total: 175 creatures vanquished

Notes
Turn   | Place    | Note
-------+----------+-------------------------------------------
     0 | D:1      | theblackgale the Demonspawn Fire Elementalist began the
                  | quest for the Orb.
     0 | D:1      | Reached XP level 1. HP: 13/13 MP: 3/3
   310 | D:1      | Gained mutation: You sometimes gain a little power by
                  | taking damage. [demonic ancestry]
   310 | D:1      | Reached XP level 2. HP: 10/19 MP: 1/5
   456 | D:1      | Reached skill level 3 in Fire Magic
   909 | D:2      | Found a hide-covered altar of Uskayaw.
   912 | D:2      | Reached XP level 3. HP: 24/24 MP: 1/6
  1384 | D:3      | Noticed Jessica
  1518 | D:3      | Killed Jessica
  1602 | D:3      | Gained mutation: You are somewhat resistant to further
                  | mutation. [potion of mutation]
  1684 | D:3      | Gained mutation: You are partially covered in rugged brown
                  | scales. (AC +1, +3% HP) [demonic ancestry]
  1684 | D:3      | Reached XP level 4. HP: 24/30 MP: 4/8
  1718 | D:3      | Noticed Sigmund
  1765 | D:3      | Slain by Sigmund

Illustrated notes

Levels and vault maps discovered:
D:1:      lemuel_arrival_cross, layout_loops_ring, minmay_misc_feat_diagonals,
          serial_bayou_crossing
D:2:      layout_rooms, basic_altar
D:3:      layout_rooms, lemuel_flame_loot_1, uniq_grinder, uniq_sigmund,
          uniq_jessica

Skill      XL: |  1  2 |
---------------+-------+-----
Dodging        | 2 |  2.1
Fire Magic     | 3 |  3.3
Stealth        | 2 |  2.1
Unarmed Combat | |  0.9
Spellcasting   | |  2.6
Conjurations   | |  1.6

Action                     |  1- 3 |  4- 6 || total
---------------------------+-------+-------++-------
  Melee: Unarmed           |    45 |     9 ||    54
  Throw: Javelin           |     3 |       ||     3
   Cast: Foxfire           |    73 |    13 ||    86
    Use: Potion            |     5 |       ||     5
         Scroll            |     7 |       ||     7
 Armour: Robe              |    23 |     5 ||    28
  Dodge: Dodged            |    39 |     6 ||    45

Table legend: (Time is in decaauts)
 A = Elapsed time spent in this place.
 B = Non-inter-level travel time spent in this place.
 C = Inter-level travel time spent in this place.
 D = Time resting spent in this place.
 E = Time spent auto-exploring this place.
 F = Levels seen in this place.
 G = Mean time per level.
                   A        B        C        D        E       F      G
               +--------+--------+--------+--------+--------+-----+--------+
         Total |   1787 |   1070 |    717 |    649 |      0 |   3 |  595.7 |
       Dungeon |   1787 |   1070 |    717 |    649 |      0 |   3 |  595.7 |
               +--------+--------+--------+--------+--------+-----+--------+

Top non-repeatable levels by time:
     D:1: 895 daAuts
     D:2: 448 daAuts
     D:3: 443 daAuts
